 Dungeon Crawl Stone Soup version 0.22.1-2-g9c5b331 (webtiles) character file.

225 dvd the Firebug (level 6, -9/37 HPs)
             Began as an Octopode Fire Elementalist on Nov 26, 2018.
             Was an Initiate of Vehumet.
             Mangled by Pikel
             ... wielding a +0 whip of electrocution
              (10 damage)
             ... on level 4 of the Dungeon.
             The game lasted 00:06:14 (2909 turns).

dvd the Firebug (Octopode Fire Elementalist)        Turns: 2909, Time: 00:06:14

Health: -9/37      AC:  1    Str:  8    XL:     6   Next: 1%
Magic:  3/10       EV: 13    Int: 19    God:    Vehumet [......]
Gold:   180        SH:  0    Dex: 12    Spells: 4/11 levels left

rFire    . . .     SeeInvis .   i - +0 short sword
rCold    . . .     Gourm    .   (no shield)
rNeg     . . .     Faith    .   (helmet restricted)
rPois    .         Spirit   .   (no amulet)
rElec    .         Reflect  .   (no ring)
rCorr    .         Harm     .   (no ring)
MR       .....                  (no ring)
Stlth    +++.......             (no ring)
HPRegen  0.12/turn              (no ring)
MPRegen  0.12/turn              (no ring)
                                (no ring)
                                (no ring)

@: no status effects
A: almost no armour, stealthy swim, amphibious, 8 rings, constrict 8, camouflage
1, gelatinous body 1
a: Renounce Religion


You were on level 4 of the Dungeon.
You worshipped Vehumet.
Vehumet was noncommittal.
You were hungry.

You visited 1 branch of the dungeon, and saw 4 of its levels.

You collected 180 gold pieces.

Inventory:

Hand Weapons
 i - a +0 short sword (weapon)
Wands
 h - a wand of iceblast (10)
 j - a wand of digging (13)
Scrolls
 a - a scroll of magic mapping {unknown}
 d - a scroll of remove curse {unknown}
 f - 2 scrolls of enchant armour {unknown}
 g - 3 scrolls of identify {unknown}
 k - a scroll of random uselessness {unknown}
 m - a scroll of amnesia {unknown}
Potions
 c - a potion of magic {unknown}
 e - 2 potions of might {unknown}
 l - a potion of degeneration {unknown}
 n - a potion of lignification {unknown}
 o - a potion of invisibility {unknown}
 q - a potion of heal wounds {unknown}
Comestibles
 b - 7 rations
 p - 6 chunks of flesh


   Skills:
 + Level 0.3 Fighting
 + Level 0.3 Short Blades
 + Level 2.5 Dodging
 + Level 3.1 Stealth
 + Level 3.3 Spellcasting
 + Level 2.0 Conjurations
 + Level 4.8 Fire Magic


You had 4 spell levels left.
You knew the following spells:

 Your Spells              Type           Power        Failure   Level  Hunger
a - Flame Tongue          Conj/Fire      ###..        3%          1    None
b - Throw Flame           Conj/Fire      ###...       5%          2    ##.....
c - Sticky Flame          Conj/Fire      ###.....     34%         4    ####...

Your spell library contained the following spells:

 Spells                   Type           Power        Failure   Level  Hunger
 Conjure Flame            Conj/Fire      ###.....     11%         3    ###....
 Inner Flame              Hex/Fire       ##......     16%         3    ###....
 Fireball                 Conj/Fire      ###.......   69%         5    ######.


Dungeon Overview and Level Annotations

Branches:
Dungeon (4/15)
 Temple: D:4-7

Altars:
Elyvilon
Vehumet

Annotations:
D:4 Natasha, Pikel


Innate Abilities, Weirdness & Mutations

You cannot wear most types of armour.
You are very stealthy in the water. (Stealth+)
You are amphibious.
You can wear up to eight rings at the same time.
You can use your tentacles to constrict eight enemies at once.
Your skin changes colour to match your surroundings (Stealth+).
Your rubbery body absorbs attacks. (AC +1, EV +1)


Message History

Memorise Sticky Flame, consuming 4 spell levels and leaving 4?
You start memorising the spell.
You continue memorising. x3
Pikel cracks his whip.
You continue memorising.
You finish memorising.
Spell assigned to 'c'.
Unknown command.
The slave shouts! x3; You hear a shout!
Natasha mumbles some strange words.
You feel disoriented.
Natasha extends her claws.
Natasha wildly gestures.
You feel troubled.
You see here 19 poisoned needles.
You see here a jackal skeleton.
There is a stone staircase leading up here.
Pikel cracks his whip.
Pikel hits you with a whip of electrocution!
* * * LOW HITPOINT WARNING * * *
You are electrocuted!
You die...

#........ .#.......
.........
.......>...#
........##.#
........##.######
....p...##.#....
......).##.#..######
........##.#@.......
........##.#K..#####
..p.....##'#p..#
+###....hp.p...#
#...........#
+...........#
#.....#+##..#
#...... .... #.####.
#.#.#


You could see Pikel and 2 slaves.

Vanquished Creatures
  An ogre (D:4)
  2 adders
  4 gnolls (D:3)
  2 oozes
  2 worms
  A dart slug (D:3)
  A leopard gecko (D:3)
  3 orcs
  6 bats
  4 giant cockroaches
  5 hobgoblins
  11 jackals
  2 kobolds (D:3)
  3 ball pythons
  2 frilled lizards
  3 goblins
  12 rats
64 creatures vanquished.

Vanquished Creatures (others)
  5 toadstools (D:1)
5 creatures vanquished.

Grand Total: 69 creatures vanquished

Notes
Turn   | Place    | Note
-------+----------+-------------------------------------------
     0 | D:1      | dvd the Octopode Fire Elementalist began the quest for the
                  | Orb.
     0 | D:1      | Reached XP level 1. HP: 11/11 MP: 3/3
   176 | D:1      | Reached XP level 2. HP: 17/17 MP: 3/5
   180 | D:1      | Learned a level 2 spell: Throw Flame
   766 | D:2      | Reached XP level 3. HP: 21/21 MP: 3/6
  1138 | D:2      | Reached skill level 4 in Fire Magic
  1649 | D:3      | Reached XP level 4. HP: 27/27 MP: 1/7
  1850 | D:3      | Found a radiant altar of Vehumet.
  1867 | D:3      | Found a white marble altar of Elyvilon.
  2395 | D:3      | Reached XP level 5. HP: 31/31 MP: 6/9
  2643 | D:3      | Became a worshipper of Vehumet
  2883 | D:4      | Noticed an ogre
  2893 | D:4      | Killed an ogre
  2893 | D:4      | Reached XP level 6. HP: 11/37 MP: 1/10
  2895 | D:4      | Noticed Pikel
  2895 | D:4      | Noticed Natasha
  2895 | D:4      | Noticed a slave
  2896 | D:4      | Noticed a slave
  2896 | D:4      | Noticed a slave
  2897 | D:4      | Noticed a slave
  2899 | D:4      | Learned a level 4 spell: Sticky Flame
  2909 | D:4      | HP: 1/37 [Pikel/whip of electrocution (12)]
  2909 | D:4      | Mangled by Pikel

Skill      XL: |  1  2  3  4  5 |
---------------+----------------+-----
Stealth        | 3 |  3.1
Fire Magic     | 4 |  4.8
Spellcasting   | 3 |  3.3
Conjurations   | 2 |  2.0
Fighting       | |  0.3
Short Blades   | |  0.3
Dodging        | |  2.5

Action                   |  1- 3 |  4- 6 || total
-------------------------+-------+-------++-------
Melee: Unarmed           |    15 |       ||    15
       Tentacles         |     3 |     2 ||     5
       Constrict         |     2 |     4 ||     6
       Short sword       |     1 |    18 ||    19
 Cast: Flame Tongue      |    52 |    39 ||    91
       Throw Flame       |     7 |    10 ||    17
  Eat: Chunk             |     3 |     4 ||     7
Armor: Skin              |     7 |     1 ||     8
Dodge: Dodged            |    26 |    16 ||    42
